 Dungeon Crawl Stone Soup version 0.16-a0-2876-g1f3fc7e (webtiles) character file.

16181 Ratboiler the Cruncher (level 12, -4/145 HPs)
             Began as a Demonspawn Wanderer on Nov 30, 2014.
             Was an Elder of Trog.
             Slain by a blink frog (8 damage)
             ... on level 4 of the Lair of Beasts.
             The game lasted 00:44:49 (14491 turns).

Ratboiler the Cruncher (Demonspawn Wanderer)       Turns: 14491, Time: 00:44:50

Health: -4/145     AC: 12    Str: 17    XL:     12   Next: 7%
Magic:  0/25       EV: 19    Int: 15    God:    Trog [****..]
Gold:   456        SH:  0    Dex: 22    Spells: 0 memorised, 11 levels left

rFire  + . .     SeeInvis .     a - +3 quarterstaff
rCold  . . .     Clarity  .     j - +1 ring mail
rNeg   . . .     SustAb   .     (no shield)
rPois  +         Gourm    .     (no helmet)
rElec  .         Spirit   +     E - +0 cloak
rCorr  +         Warding  .     H - +0 pair of gloves
rMut   .         Stasis   .     (no boots)
MR     .....                    s - amulet of resist corrosion
Stlth  ..........               V - ring of poison resistance
                                t - ring of magical power

@: agile, berserking, very quick, not resistant to hostile enchantments,
extremely unstealthy
A: hooves 1, rugged brown scales 3, fire resistance 1, magic shield, magic
regeneration
a: Burn Spellbooks, Berserk, Trog's Hand, Brothers in Arms, Renounce Religion


You were on level 4 of the Lair of Beasts.
You worshipped Trog.
Trog was greatly pleased with you.
You were not hungry.

You visited 3 branches of the dungeon, and saw 15 of its levels.

You collected 769 gold pieces.
You spent 313 gold pieces at shops.

Inventory:

Hand weapons
 a - a +3 quarterstaff (weapon)
 b - a +0 blowgun
Missiles
 c - 5 curare-tipped needles
 q - 39 poisoned needles
 v - 2 tomahawks (quivered)
 K - 8 javelins
Armour
 j - a +1 ring mail (worn)
 E - a +0 cloak (worn)
 H - a +0 pair of gloves (worn)
Jewellery
 p - an uncursed ring of positive energy
 s - an amulet of resist corrosion (around neck)
 t - a ring of magical power (left hand)
 z - an uncursed ring of protection from cold
 F - an uncursed ring of see invisible
 P - an uncursed amulet of resist mutation
 U - an uncursed ring of wizardry {unknown}
 V - a ring of poison resistance (right hand)
 W - an uncursed ring of protection from magic
Magical devices
 B - a wand of digging (8)
 C - a wand of fireball (3)
 I - a wand of disintegration (11)
 O - a wand of fire (6)
 R - a wand of polymorph (12)
Scrolls
 e - 2 scrolls of random uselessness {unknown}
 i - 2 scrolls of vulnerability {unknown}
 k - 6 scrolls of enchant armour
 l - 2 scrolls of immolation {unknown}
 m - a scroll of enchant weapon
 o - 8 scrolls of teleportation
 r - 2 scrolls of magic mapping
 u - a scroll of fog {unknown}
 x - a scroll of amnesia {unknown}
 J - a scroll of remove curse
 L - a scroll of fear {unknown}
 N - a scroll of recharging {unknown}
 Q - a scroll of brand weapon {unknown}
 X - a scroll of holy word {unknown}
Potions
 f - a potion of haste
 g - 3 potions of brilliance
 h - 2 potions of might
 n - a potion of cure mutation
 w - a potion of lignification {unknown}
 A - a potion of magic
 D - a potion of resistance
 G - 4 potions of curing
 M - 2 potions of agility
 S - a potion of flight
 Y - 2 potions of cancellation
 Z - a potion of berserk rage
Comestibles
 d - 6 bread rations


   Skills:
 + Level 7.2 Fighting
   Level 1.7(9.9) Maces & Flails
 - Level 14.5(14.6) Staves
 + Level 5.9 Armour
 + Level 5.7 Dodging
 - Level 2.0 Evocations


You had 11 spell levels left.
You didn't know any spells.

Dungeon Overview and Level Annotations

Branches:
Dungeon (10/15)            Temple (1/1) D:5            Lair (4/8) D:9
 Shoals (0/5) Lair:4       Spider (0/5) Lair:4          Orc (0/4) D:9

Altars:
Ashenzari
Cheibriados
Dithmenos
Elyvilon
Fedhas
Gozag
Kikubaaqudgha
Makhleb
Nemelex Xobeh
Okawaru
Qazlal
Ru
Sif Muna
Trog
Vehumet
Xom
Yredelemnul
Zin
The Shining One

Shops:
D:9 [

Annotations:
D:4 Pikel
D:10 Josephine


Innate Abilities, Weirdness & Mutations

You have large cloven feet.
You are completely covered in rugged brown scales (AC +3, +7% HP).
Your flesh is heat resistant.
When hurt, damage is shared between your health and your magic reserves.
You regenerate magic rapidly.


Message History

The spiny frog closely misses you. The blink frog hits you!
* * * LOW HITPOINT WARNING * * *
The spiny frog completely misses you.
You sock the spiny frog!
You kill the spiny frog!
Trog accepts your kill.
You hit the blink frog. Your kick misses the blink frog.
The blink frog is heavily wounded.
The blink frog closely misses you.
You miss the blink frog. You kick the blink frog!
The blink frog is almost dead.
The blink frog completely misses you.
The blink frog momentarily phases out as your attack passes through it.
You kick the blink frog.
The blink frog is almost dead.
You miss the blink frog.
Your kick passes through the blink frog as it momentarily phases out.
The blink frog is almost dead.
The blink frog hits you!
You die...

.....##P.#..#PP..#P##..#.###.#
............#..................
.#...##.....................#.
##..##..P##...##.P.#.....#.#.
#.......###.########..##....
#...........### # #...###..P
...#.....#..#.# F# ##..# #...
#. ##.#..#.F.##.. .#..#....
..###....#@#.# ...#..... ..#
#.##....# ##.#..... ##.#
#ยง#..###>.....# ....
#####..####..#^.....#.## ...
.....F..##P.#.#..#.#.. ..
..<.(##......#......#.. .P
..........P.....#.# ..


.PP F##...P........... . .. .###......>....# ...#. You could see a blink frog.

Vanquished Creatures
  Snorg (Lair:3)
  A griffon (Lair:4)
  5 black mambas
  13 spiny frogs
  2 fire drakes
  4 komodo dragons
  A basilisk (Lair:1)
  2 blink frogs (Lair:4)
  A redback (Lair:4)
  A deep elf mage (D:10)
  A hungry ghost (D:9)
  2 hippogriffs
  A slave (D:5)
  A black bear (D:9)
  7 water moccasins
  3 ice beasts
  3 orc warriors (D:9)
  2 porcupines
  A sky beast (D:6)
  A necrophage (D:7)
  5 ogres
  A centaur (D:9)
  3 crocodiles
  Sigmund (D:6)
  3 phantoms
  A big kobold (D:7)
  Blork the orc (D:5)
  9 giant frogs
  2 jellies
  12 killer bees
  6 scorpions
  2 vampire bats (D:4)
  9 crimson imps
  A centaur zombie (D:7)
  A giant frog zombie (D:6)
  5 hounds
  5 orc priests
  9 iguanas
  5 orc wizards
  7 worker ants
  2 killer bee zombies
  4 sheep (Lair:2)
  Ijyb (D:5)
  2 hound zombies
  3 gnolls (D:6)
  41 river rats
  6 shadow imps
  19 adders
  4 worms
  2 adder zombies
  9 giant geckos
  41 orcs
  3 ball pythons
  A bat skeleton (D:4)
  6 bat zombies
  5 giant cockroaches
  18 goblins
  19 hobgoblins
  19 kobolds
  9 quokkas
  21 bats
  4 giant newts
  14 jackals
  A jackal skeleton (D:4)
  2 kobold zombies (D:7)
  An orc zombie (D:7)
  14 rats
412 creatures vanquished.

Vanquished Creatures (collateral kills)
  A spiny frog (Lair:1)
  A komodo dragon (Lair:1)
  A troll (D:9)
  An orc (D:9)
4 creatures vanquished.

Vanquished Creatures (others)
  A two-headed ogre (Lair:1)
  An ogre (Lair:3)
2 creatures vanquished.

Grand Total: 418 creatures vanquished

Notes
Turn   | Place    | Note
--------------------------------------------------------------
     0 | D:1      | Ratboiler, the Demonspawn Wanderer, began the quest for the Orb.
     0 | D:1      | Ratboiler set off with: a +2 quarterstaff, 2 potions of curing, a +0 robe, a bread ration
     0 | D:1      | Reached XP level 1. HP: 18/18 MP: 1/1
   285 | D:1      | Gained mutation: When hurt, damage is shared between your health and your magic reserves. [demonic ancestry]
   285 | D:1      | Reached XP level 2. HP: 24/24 MP: 2/2
   908 | D:2      | Gained mutation: You regenerate magic rapidly. [demonic ancestry]
   908 | D:2      | Reached XP level 3. HP: 27/29 MP: 4/4
   970 | D:2      | Found a sparkling altar of Nemelex Xobeh.
  1023 | D:2      | Reached skill level 4 in Staves
  1672 | D:2      | Reached XP level 4. HP: 35/35 MP: 5/5
  2425 | D:3      | Reached skill level 5 in Staves
  2880 | D:3      | Gained mutation: You are partially covered in rugged brown scales (AC +1, +3% HP). [demonic ancestry]
  2880 | D:3      | Reached XP level 5. HP: 31/42 MP: 6/6
  3458 | D:4      | Reached skill level 6 in Staves
  3509 | D:4      | Found an ancient bone altar of Kikubaaqudgha.
  3521 | D:4      | Gained mutation: Your flesh is heat resistant. [demonic ancestry]
  3521 | D:4      | Reached XP level 6. HP: 44/48 MP: 8/8
  3691 | D:4      | Noticed an ogre
  3911 | D:4      | Noticed a slave
  3914 | D:4      | Noticed Pikel
  3915 | D:4      | Noticed a slave
  3916 | D:4      | Noticed a slave
  3918 | D:4      | Noticed a slave
  3934 | D:5      | Entered Level 5 of the Dungeon
  4275 | D:5      | Reached skill level 7 in Staves
  4305 | D:5      | Gained mutation: Your mind is acute. (Int +2) [potion of mutation]
  4305 | D:5      | Gained mutation: Your vision is a little blurry. [potion of mutation]
  4305 | D:5      | Gained mutation: Your system is resistant to poisons. [potion of mutation]
  4319 | D:5      | Killed a slave
  4512 | D:5      | Reached XP level 7. HP: 50/53 MP: 7/9
  4539 | D:5      | Noticed Blork the orc
  4562 | D:5      | Killed Blork the orc
  4724 | D:5      | Found a staircase to the Ecumenical Temple.
  4733 | Temple   | Entered the Ecumenical Temple
  4831 | Temple   | Became a worshipper of Trog the Wrathful
  5051 | D:5      | Noticed Ijyb
  5063 | D:5      | Killed Ijyb
  5083 | D:5      | Reached skill level 8 in Staves
  5371 | D:6      | Found a radiant altar of Vehumet.
  5371 | D:6      | Found a shimmering altar of Xom.
  5428 | D:6      | Found a burning altar of Makhleb.
  5537 | D:6      | Reached skill level 9 in Staves
  5537 | D:6      | Reached XP level 8. HP: 51/59 MP: 7/10
  5901 | D:6      | Acquired Trog's first power
  6042 | D:6      | Found a stormy altar of Qazlal.
  6095 | D:6      | Noticed Sigmund
  6106 | D:6      | Killed Sigmund
  6232 | D:6      | Reached skill level 10 in Staves
  6414 | D:6      | Noticed a two-headed ogre
  6880 | D:7      | Acquired Trog's second power
  6965 | D:7      | Reached skill level 11 in Staves
  6965 | D:7      | Gained mutation: You are mostly covered in rugged brown scales (AC +2, +5% HP). [demonic ancestry]
  6965 | D:7      | Reached XP level 9. HP: 47/66 MP: 12/12
  7769 | D:7      | Reached skill level 12 in Staves
  8778 | D:9      | Found a basalt altar of Yredelemnul.
  9045 | D:9      | Reached skill level 13 in Staves
  9137 | D:9      | Gained mutation: You are completely covered in rugged brown scales (AC +3, +7% HP). [demonic ancestry]
  9137 | D:9      | Reached XP level 10. HP: 72/74 MP: 13/13
  9208 | D:9      | Found a staircase to the Orcish Mines.
  9223 | D:9      | Acquired Trog's third power
  9305 | D:9      | Found a staircase to the Lair.
  9306 | D:9      | Noticed a fire drake
  9323 | D:9      | Killed a fire drake
  9381 | D:9      | Found Weeferaal's Antique Armour Shop.
  9402 | D:9      | Bought a pair of spiked gloves for 313 gold pieces
  9413 | D:9      | Identified the cursed -1 pair of gloves of Trog's Brutal Revenge {Int+4 Dex-1} (You bought it in a shop on level 9 of the Dungeon)
  9548 | D:9      | Found a burning altar of Makhleb.
  9629 | Lair:1   | Entered Level 1 of the Lair of Beasts
  9813 | D:10     | Entered Level 10 of the Dungeon
 10000 | D:10     | Noticed Josephine
 10072 | D:9      | Reached skill level 14 in Staves
 10491 | Lair:1   | Reached skill level 1 in Armour
 10546 | Lair:1   | Reached skill level 1 in Dodging
 10777 | Lair:1   | Lost mutation: Your mind is acute. (Int +2) [potion of cure mutation]
 10777 | Lair:1   | Lost mutation: Your system is resistant to poisons. [potion of cure mutation]
 10777 | Lair:1   | Lost mutation: Your vision is a little blurry. [potion of cure mutation]
 10798 | Lair:1   | Reached XP level 11. HP: 56/81 MP: 14/14
 11786 | Lair:3   | Got a slimy chain mail
 12039 | Lair:3   | Identified the cursed -2 chain mail of Orthodoxy {rElec rPois SInv} (You found it on level 3 of the Lair of Beasts)
 12220 | Lair:3   | Reached skill level 5 in Fighting
 12383 | Lair:3   | Noticed Snorg
 12402 | Lair:3   | HP: 5/127 [Snorg (2)]
 12422 | Lair:3   | Killed Snorg
 13488 | Lair:3   | Reached skill level 5 in Armour
 13636 | Lair:4   | Reached skill level 5 in Dodging
 14108 | Lair:4   | Found a staircase to the Shoals.
 14332 | Lair:4   | Gained mutation: You have large cloven feet. [demonic ancestry]
 14332 | Lair:4   | Reached XP level 12. HP: 91/97 MP: 16/16
 14356 | Lair:4   | Found a hole to the Spider Nest.
 14486 | Lair:4   | HP: 3/145 [blink frog (6)]
 14491 | Lair:4   | Slain by a blink frog

Action                   |  1- 3 |  4- 6 |  7- 9 | 10-12 || total
-------------------------+-------+-------+-------+-------++-------
Melee: Quarterstaff      |   107 |   265 |   605 |   818 ||  1795
Throw: Stone             |     3 |       |       |       ||     3
Invok: Burn Spellbooks   |       |       |     1 |       ||     1
       Trog's Hand       |       |       |     3 |    15 ||    18
       Berserk           |       |       |     1 |    15 ||    16
       Brothers in Arms  |       |       |       |     4 ||     4
Evoke: Wand              |       |       |       |     1 ||     1
  Use: Scroll            |     3 |    10 |     1 |    12 ||    26
       Potion            |       |     1 |       |     7 ||     8
  Eat: Chunk             |     2 |     2 |     2 |     1 ||     7
       Bread ration      |       |     1 |       |     4 ||     5
       Meat ration       |       |     1 |     2 |     2 ||     5
       Pizza             |       |       |     3 |     2 ||     5
       Beef jerky        |       |       |     1 |     3 ||     4
